Map: Kairos Junction LE

Players

Woah

  • Race: Terran Terran
  • Spawn Location: 5:00

MüderJoe - Winner!

  • Race: Zerg Zerg
  • League: Platinum
  • Spawn Location: 11:00

VOD

Have the link to the VOD?

Description

Time

  • Played on: June 11, 2019, 2:20 p.m.
  • Length: 15:21
Show
View Real Time Build Order
Export as new Build Order

Woah Terran 

Build Orders: Gas First Reaper Expand 

Get SALT Encoding   

  12  0:01  SCV  
  13  0:14  SCV  
  13  0:20  Supply Depot  
  14  0:26  SCV  
  15  0:31  Refinery  
  15  0:42  SCV  
  16  0:46  Barracks  
  16  0:56  SCV  
  17  1:08  SCV  
  18  1:20  SCV  
  19  1:40  Command Center  
  19  1:42  Orbital Command  
  19  1:48  Reaper  
  20  1:58  Factory  
  20  2:08  SCV  
  21  2:16  Supply Depot, Refinery  
  21  2:24  SCV  
  21  2:25  Barracks Reactor  
  22  2:37  SCV  
  23  2:50  SCV, Starport  
  25  2:59  Orbital Command  
  24  3:11  Barracks Tech Lab  
  24  3:13  SCV  
  24  3:18  Hellion x2  
  29  3:25  SCV  
  30  3:27  SCV  
  30  3:32  Marine  
  32  3:34  Stimpack  
  32  3:37  Viking  
  32  3:40  SCV  
  35  3:43  SCV  
  35  3:45  Hellion  
  40  3:48  Hellion  
  40  4:07  SCV  
  40  4:12  Barracks  
  40  4:14  Barracks  
  40  4:17  SCV  
  40  4:19  SCV, Marine  
  43  4:25  Engineering Bay  
  43  4:29  SCV  
  44  4:33  Supply Depot  
  44  4:38  SCV  
  45  4:39  Starport Reactor  
  45  4:47  Factory Tech Lab  
  45  4:51  Supply Depot  
  45  5:05  SCV  
  45  5:06  SCV  
  47  5:07  Barracks Reactor x2  
  47  5:08  Terran Infantry Weapons Level 1  
  47  5:11  Siege Tank  
  47  5:12  Medivac  
  47  5:13  Medivac  
  53  5:24  SCV  
  53  5:25  Marine  
  53  5:26  Command Center  
  55  5:34  SCV  
  56  5:36  Factory  
  56  5:42  SCV, Refinery  
  57  5:43  Marine x5  
  57  5:47  Combat Shield  
  62  5:54  SCV  
  60  6:01  Marine x2  
  53  6:09  Marine  
  53  6:10  Marine x2  
  54  6:18  Marine  
  54  6:22  Factory Tech Lab, Barracks  
  54  6:23  Barracks  
  55  6:25  Barracks  
  55  6:27  SCV, Marine  
  55  6:28  SCV  
  58  6:34  Supply Depot  
  58  6:39  SCV  
  59  6:40  SCV  
  60  6:52  SCV  
  55  7:04  Marine  
  55  7:05  Marauder, Marine x3  
  55  7:08  Siege Tank x2  
  67  7:11  SCV x2  
  67  7:12  Terran Infantry Armor Level 1  
  67  7:15  Armory  
  69  7:17  Supply Depot  
  69  7:21  Refinery  
  69  7:25  Medivac  
  69  7:26  Marauder  
  73  7:30  Sensor Tower  
  73  7:35  Barracks Tech Lab  
  73  7:36  Orbital Command  
  73  7:38  SCV x2  
  73  7:40  Supply Depot  
  75  7:47  Marine x2  
  75  7:48  Marauder  
  75  7:50  Barracks Reactor, Barracks Tech Lab  
  79  7:51  Concussive Shells  
  79  7:52  Marine x2  
  81  8:01  Marauder  
  81  8:03  Supply Depot  
  81  8:04  Marine  
  81  8:05  Marine  
  85  8:09  Marauder  
  87  8:15  Marine x2  
  87  8:16  Marauder  
  91  8:22  Marauder, Marine x2  
  95  8:37  Engineering Bay  
  95  8:39  Supply Depot, Terran Vehicle Weapons Level 1  
  95  8:41  Siege Tank  
  95  8:42  Siege Tank  
  95  8:45  SCV x3  
  104  8:57  SCV  
  104  9:11  Marauder  
  104  9:13  Medivac  
  104  9:22  Thor x2  
  110  9:30  Missile Turret, Supply Depot  
  110  9:31  Missile Turret  
  110  9:32  Supply Depot  
  110  9:33  Missile Turret  
  110  9:34  Missile Turret  
  110  9:35  Missile Turret  
  110  9:36  Missile Turret  
  110  9:37  Missile Turret  
  75  10:07  Marine  
  75  10:08  Marine x8  
  79  10:25  Marine x2  
  79  10:26  Marauder x3  
  87  10:31  Marine  
  87  10:32  Marine x3  
  95  10:43  Marine x2  
  95  10:47  Marine x3  
  97  10:50  Siege Tank x2  
  97  10:56  Supply Depot x2  
  100  11:08  Marine x4  
  100  11:09  Marine  
  105  11:11  Terran Infantry Weapons Level 2  
  105  11:14  Terran Infantry Armor Level 2  
  105  11:21  Viking  
  101  11:44  Viking  
  88  11:51  Viking  
  73  11:54  Marine x2  
  73  11:55  Marauder x2, Marine x3  
  80  12:07  Marine x2  
  81  12:14  SCV x2  
  82  12:33  Marine x3  
  82  12:34  Marine x2  
  86  13:04  Siege Tank x2  
  92  13:06  Viking x2  
  94  13:26  Liberator x2  
  99  13:59  Orbital Command  
  64  14:25  Marine x4  
  64  14:26  Marine x5  
  64  14:29  Viking x2  
  61  14:43  Marine x4  
  61  14:44  Marine x3  
Show
View Real Time Build Order
Export as new Build Order

MüderJoe Zerg - Winner!

Build Orders: Pool First, Brood Lord Corruptor 

Get SALT Encoding   

  12  0:01  Drone  
  13  0:12  Overlord  
  13  0:16  Drone  
  14  0:31  Drone x2  
  14  0:34  Drone  
  17  0:45  Spawning Pool  
  16  0:50  Drone  
  16  0:54  Extractor  
  16  0:56  Drone  
  17  1:17  Hatchery  
  17  1:18  Drone  
  17  1:22  Drone  
  18  1:29  Drone  
  19  1:36  Queen  
  21  1:43  Overlord  
  21  1:50  Zergling x2  
  22  2:02  Drone  
  22  2:08  Metabolic Boost  
  23  2:11  Drone  
  24  2:15  Queen  
  26  2:23  Drone  
  26  2:29  Queen  
  29  2:42  Drone x3  
  31  2:58  Hatchery  
  31  3:00  Zergling x4  
  31  3:01  Drone  
  31  3:04  Drone  
  34  3:06  Drone  
  35  3:13  Drone  
  36  3:20  Overlord x2  
  36  3:40  Drone x7  
  43  3:45  Drone  
  44  3:51  Drone  
  44  4:05  Roach Warren  
  44  4:07  Extractor  
  44  4:08  Extractor, Drone x5  
  45  4:14  Evolution Chamber, Queen  
  45  4:16  Overlord x2  
  45  4:17  Evolution Chamber  
  45  4:21  Lair  
  45  4:22  Drone  
  46  4:29  Overlord  
  46  4:30  Drone x2  
  48  4:35  Queen  
  50  4:39  Drone x3  
  52  5:01  Extractor  
  52  5:02  Roach x5, Extractor  
  52  5:03  Roach x3  
  66  5:23  Zerg Ground Armor Level 1  
  66  5:25  Zerg Missile Weapons Level 1  
  66  5:37  Overlord x2  
  66  5:52  Overlord  
  62  6:15  Drone x11  
  73  6:25  Extractor  
  72  6:27  Spire  
  72  6:30  Drone x4  
  75  6:44  Drone x4  
  71  7:04  Roach x4  
  71  7:05  Roach x4  
  85  7:10  Drone x2  
  87  7:15  Spine Crawler  
  87  7:18  Glial Reconstitution  
  87  7:19  Zerg Missile Weapons Level 2  
  87  7:20  Zerg Ground Armor Level 2, Spine Crawler  
  85  7:25  Drone x2  
  87  7:33  Infestation Pit  
  87  7:34  Drone x4  
  90  7:38  Overlord  
  90  7:39  Overlord x3  
  90  7:52  Zerg Flyer Weapons Level 1  
  90  7:56  Overlord x3  
  90  8:08  Overlord x3  
  90  8:11  Hatchery  
  89  8:14  Hive  
  89  8:17  Roach x4  
  95  8:31  Roach x8  
  111  8:43  Mutalisk  
  111  8:44  Mutalisk x7  
  113  9:26  Mutalisk x4  
  113  9:27  Mutalisk x3  
  113  9:29  Zergling x12  
  113  9:30  Zergling x40  
  151  9:35  Drone x2  
  153  9:42  Spire  
  134  10:26  Drone x4  
  134  10:27  Drone x7  
  145  10:30  Queen  
  145  10:31  Extractor  
  145  10:32  Extractor  
  123  11:06  Queen, Greater Spire  
  123  11:10  Roach x3  
  123  11:11  Roach x17  
  155  11:23  Roach  
  155  11:24  Roach x5  
  149  11:46  Roach  
  149  11:47  Roach x4  
  141  11:50  Roach  
  141  11:51  Roach x6  
  139  12:25  Corruptor  
  139  12:26  Corruptor x12  
  161  12:38  Zerg Flyer Weapons Level 2  
  161  12:40  Zerg Flyer Armor Level 1  
  161  12:43  Zergling x2  
  162  12:44  Zergling x6  
  163  13:00  Corruptor x6  
  163  13:02  Overlord x3  
  163  13:03  Overlord x2  
  157  13:27  Brood Lord  
  157  13:28  Brood Lord x5  
  157  13:29  Brood Lord  
  157  13:30  Roach, Zergling x2  
  157  13:31  Zergling x22  
  157  13:32  Zergling x2  
  184  13:37  Brood Lord  
  184  13:40  Zergling x2  
  184  13:41  Zergling x16  
  187  13:52  Zergling x4  
  187  13:53  Hatchery  
  188  13:57  Brood Lord x2  
  156  14:43  Corruptor  
  156  14:44  Corruptor x6  
  156  14:45  Corruptor x2  
Tags
 
Add a new tag
Caveats
  • Supply blocks, unpowered buildings, or Contaminate may cause inaccurate times.
  • Supply counts are checked every 10 seconds.